Map: Frozen Temple

Players

hinO

  • Race: Zerg Zerg
  • League: Master
  • Spawn Location: 11:00

Amix - Winner!

  • Race: Zerg Zerg
  • League: Platinum
  • Spawn Location: 5:00

VOD

Have the link to the VOD?

Description

Time

  • Played on: Nov. 16, 2016, 1:51 p.m.
  • Length: 4:19
Show
View Real Time Build Order
Export as new Build Order

hinO Zerg 

Build Orders: Hatch First 

Get SALT Encoding   

  12  0:00  Drone  
  13  0:10  Drone  
  14  0:17  Overlord  
  14  0:23  Drone, Extractor  
  15  0:36  Drone x2  
  17  0:55  Hatchery  
  16  0:57  Drone  
  16  1:01  Drone, Extractor  
  17  1:16  Spawning Pool  
  16  1:19  Drone  
  16  1:22  Drone  
  18  1:28  Drone  
  19  1:41  Overlord  
  19  1:48  Drone  
  20  2:03  Queen  
  20  2:04  Zergling x2  
  20  2:06  Queen  
  20  2:07  Zergling x2  
  26  2:11  Zergling x2  
  26  2:16  Metabolic Boost  
  26  2:18  Zergling x2  
  26  2:21  Zergling x2  
  27  2:33  Zergling x2  
  27  2:34  Zergling x2  
  28  2:40  Zergling x2  
  29  2:46  Zergling x2  
  29  2:51  Zergling x2  
  29  3:03  Zergling x4  
  31  3:10  Baneling Nest  
  31  3:12  Zergling x4  
  32  3:16  Overlord  
  30  3:31  Zergling x8  
  34  3:40  Zergling x4  
  34  3:41  Zergling x2  
  34  3:57  Zergling x6  
Show
View Real Time Build Order
Export as new Build Order

Amix Zerg - Winner!

Build Orders: Pool Only 

Get SALT Encoding   

  12  0:01  Drone  
  13  0:22  Spawning Pool  
  13  0:26  Drone  
  13  0:30  Drone  
  14  0:39  Overlord  
  14  0:53  Extractor  
  13  1:02  Drone  
  14  1:09  Zergling x4  
  16  1:12  Queen  
  16  1:17  Zergling x2  
  19  1:26  Zergling x2  
  20  1:35  Zergling x2  
  21  1:46  Zergling x2  
  22  1:53  Metabolic Boost  
  22  1:58  Overlord  
  22  2:17  Zergling x2  
  22  2:44  Baneling Nest  
  18  2:56  Zergling x8  
  20  3:12  Zergling x2  
  21  3:26  Zergling x4  
  22  3:34  Baneling x3  
  22  3:35  Baneling x2  
  21  3:54  Overlord x2  
  21  3:55  Overlord  
Tags
 
Add a new tag
Caveats
  • Supply blocks, unpowered buildings, or Contaminate may cause inaccurate times.
  • Supply counts are checked every 10 seconds.